Cogmind - Beta 13 *** ADVENTURER MODE // 2024.03.14 @ 22:13:35 Player: Prophet Result: Self-destructed Performance ------------- Evolutions (2) 1000 Regions Visited (4) 800 Robots Destroyed (38) 190 Value Destroyed (813) 813 Prototype IDs (4) 80 Alien Tech Used (0) 0 Bonus (0) 0 TOTAL SCORE: 2883 Bonus ------- None Cogmind --------- Core Integrity 499/550 Matter 277/300 Energy 275/275 System Corruption 0% Temperature Warm (142) Movement Flying (31) Location -8/Materials Parts ------- > --- POWER (1) -------- Deuterium Engine > --- PROPULSION (4) --- Flight Unit Flight Unit Flight Unit Improved Flight Unit > --- UTILITY (4) ------ Small Storage Unit Terrain Scan Processor Terrain Scan Processor > --- WEAPON (2) ------- Beam Rifle > --- INVENTORY (8) ---- Flight Unit Flight Unit Improved Heat Sink Cooling System Trap Scanner Terrain Scan Processor System Shield Peak State ------------ > --- POWER ------------ Deuterium Engine > --- PROPULSION ------- Flight Unit Flight Unit Flight Unit Improved Flight Unit > --- UTILITY ---------- Small Storage Unit Terrain Scanner Terrain Scan Processor Terrain Scan Processor > --- WEAPON ----------- Advanced Beam Cannon Improved Datajack > --- INVENTORY -------- Flight Unit Improved Heat Sink Cooling System Trap Scanner Terrain Scan Processor System Shield Beam Rifle [Rating: 22] Favorites ----------- Power Ion Engine Engine Ion Engine Propulsion Aluminum Leg Leg Aluminum Leg Flight Unit Improved Flight Unit Utility Small Storage Unit Device Seismic Detector Storage Small Storage Unit Processor Terrain Scan Processor Weapon EM Pulse Gun Energy Gun EM Pulse Gun Energy Cannon Advanced Beam Cannon Ballistic Gun Improved Assault Rifle Special Melee Weapon Improved Datajack Build | -11 -10 -9 -9 -8 ------- Run | Yrd Mat Mat Min Mat Slots Evolved 4 | . . 2 . 2 Power . | . . . . . Propulsion 2 | . . 1 . 1 Utility 2 | . . 1 . 1 Weapon . | . . . . . Parts Attached 40 | 8 3 17 1 11 Power 7 | 2 . 3 . 2 Engine 7 | 2 . 3 . 2 Core . | . . . . . Reactor . | . . . . . Propulsion 12 | 2 1 3 1 5 Treads . | . . . . . Leg 4 | 2 1 1 . . Wheel . | . . . . . Hover . | . . . . . Flight 8 | . . 2 1 5 Utility 8 | 2 . 4 . 2 Device 3 | 1 . 1 . 1 Storage 2 | 1 . 1 . . Processor 3 | . . 2 . 1 Hackware . | . . . . . Protection . | . . . . . Artifact . | . . . . . Weapon 13 | 2 2 7 . 2 Energy Gun 10 | 2 2 5 . 1 Energy Cannon 1 | . . 1 . . Ballistic Gun 1 | . . 1 . . Ballistic Cannon . | . . . . . Launcher . | . . . . . Special Weapon . | . . . . . Impact Weapon . | . . . . . Slashing Weapon . | . . . . . Piercing Weapon . | . . . . . Special Melee Weapon 1 | . . . . 1 Unidentified Prototypes 4 | . . 4 . . Parts Lost 4 | . . . 1 3 Power . | . . . . . Propulsion 2 | . . . 1 1 Utility 1 | . . . . 1 Weapon 1 | . . . . 1 Highest Loss Streak 2 | . . . 1 2 To Critical Strikes . | . . . . . Average Slot Usage (%) 94 | . 99 91 91 85 Engine 12 | . 14 11 11 9 Leg 15 | . 28 8 . . Flight 12 | . . 16 25 31 Device 12 | . 14 11 11 9 Storage 12 | . 14 13 11 9 Processor 5 | . . 8 11 15 Energy Gun 19 | . 27 17 11 3 Energy Cannon 3 | . . 4 11 4 Naked Turns . | . . . . . Heaviest Build 20 | 15 15 20 20 20 Greatest Support 30 | 20 20 30 14 17 Greatest Overweight (x) 3 | . . 1 2 3 Average Overweight (x) . | . . . 1 . Largest Inventory Capacity 8 | 8 8 8 8 8 Average Capacity 7 | 7 8 8 8 8 Most Carried 8 | 4 7 8 8 8 Average Carried 4 | . 3 5 6 7 Final Capacity 8 | 8 8 8 8 8 Final Carried 7 | 1 7 6 7 7 Class Distribution -------------------- 92% | Mutant 7% | Scavenger-Sprinter Dominant Class ---------------- Mutant | -10/Materials Mutant | -9/Materials Mutant | -9/Mines Scavenger-Sprinter | -8/Materials Resources | -11 -10 -9 -9 -8 ----------- Run | Yrd Mat Mat Min Mat Matter Collected 565 | 280 30 168 10 77 Remotely . | . . . . . Salvage Created 1323 | 189 462 396 174 102 Parts 78 | 10 19 30 5 14 Haulers Intercepted 1 | . . 1 . . Recyclers Shooed . | . . . . . Parts Field Recycled . | . . . . . Retrieved Matter . | . . . . . Parts Self-Destructed . | . . . . . Prevented . | . . . . . Kills | -11 -10 -9 -9 -8 ------- Run | Yrd Mat Mat Min Mat Combat Hostiles Destroyed 21 | . 6 6 2 7 Guns 11 | . 4 3 1 3 Cannons 7 | . . 2 1 4 AOE 2 | . 2 . . . Classes Destroyed 8 | 3 2 2 . 1 Worker 2 | 1 . 1 . . Tunneler 4 | 4 . . . . Hauler 1 | . . 1 . . Recycler 3 | 1 1 . 1 . Watcher 7 | . 3 4 . . Swarmer 7 | . . . . 7 Grunt 11 | . 6 3 2 . Sentry 3 | . . 3 . . Best Kill Streak 6 | 5 3 6 2 4 Combat Bots Only 4 | . 2 4 1 4 Max Kills in Single Turn 2 | 1 2 2 1 2 Gunslinging . | . . . . . Exploded 2 | . 2 . . . Melee . | . . . . . Uniques/NPCs Destroyed . | . . . . . Combat | -11 -10 -9 -9 -8 -------- Run | Yrd Mat Mat Min Mat Hostile Shots Fired 92 | . 16 19 11 46 Missed 37 | . 9 8 2 18 Damage Taken 628 | 24 124 149 94 237 Core 120 | . 16 27 26 51 Absorbed by Shields . | . . . . . Ignored by Resistances 190 | 7 36 45 31 71 Regen/Repaired (Parts) 20 | . 20 . . . Core Remaining (%) 93 | 100 93 . 86 . Volleys Fired 83 | 14 22 19 9 19 Largest 2 | 2 2 2 2 2 Hottest 124 | 80 80 124 124 124 Shots Fired 152 | 28 44 38 18 24 Gun 119 | 28 44 28 9 10 Cannon 33 | . . 10 9 14 Launcher . | . . . . . Special . | . . . . . Kinetic . | . . . . . Thermal 70 | . . 28 18 24 Explosive . | . . . . . Electromagnetic 82 | 28 44 10 . . Robot Hit Streak 15 | 7 12 15 8 8 Robot Miss Streak 4 | 2 4 2 1 4 Penetration Max . | . . . . . Secondary Targets . | . . . . . Shots Hit Robots 110 | 18 32 30 15 15 Core Hits 50 | 6 15 16 4 9 Critical Kills . | . . . . . Critical Parts Destroyed . | . . . . . Critical Strikes 3 | . 1 1 . 1 Burn 2 | . . 1 . 1 Corrupt 1 | . 1 . . . Melee Attacks 2 | . . . . 2 Impact . | . . . . . Slashing . | . . . . . Piercing . | . . . . . Sneak Attacks . | . . . . . Combat Hostiles . | . . . . . Follow-up Attacks . | . . . . . Damage Inflicted 2096 | 312 687 571 259 267 Guns 1378 | 252 499 368 115 144 Cannons 412 | . . 145 144 123 Explosions 290 | 60 188 42 . . Melee . | . . . . . Ramming 16 | . . 16 . . Kinetic . | . . . . . Thermal 1175 | 60 188 401 259 267 Explosive . | . . . . . Electromagnetic 905 | 252 499 154 . . Impact . | . . . . . Slashing . | . . . . . Piercing . | . . . . . Highest Corruption . | . . . . . Average Corruption . | . . . . . Corruption Purged . | . . . . . Corruption Blocked . | . . . . . Overload Shots . | . . . . . Overflow Damage 6 | 6 . . . . Projectiles . | . . . . . Explosions 6 | 6 . . . . Melee . | . . . . . Knockbacks . | . . . . . Impact . | . . . . . Kinetic . | . . . . . Secondary . | . . . . . Self-Inflicted Damage 68 | 25 26 17 . . Shots 3 | 1 1 1 . . Rammed . | . . . . . Targets Rammed 1 | . . 1 . . Kicked 1 | . . 1 . . Crushed . | . . . . . Highest Temperature 357 | 180 141 357 339 242 Average Temperature 96 | 72 44 109 159 103 Received Heat Transfer 249 | . 51 57 51 90 Siege Activations . | . . . . . Robots Corrupted 1 | . 1 . . . Combat Hostiles . | . . . . . Parts Fried 7 | 3 3 1 . . Impact Corruptions . | . . . . . Robots Melted 1 | . . 1 . . Combat Hostiles 1 | . . 1 . . Parts Melted 3 | . . 1 2 . Heat Transferred 2409 | 100 150 938 555 666 Parts Sabotaged . | . . . . . Parts Stolen . | . . . . . Parts Stripped . | . . . . . Power Chain Reactions 5 | 1 3 1 . . Alert | -11 -10 -9 -9 -8 ------- Run | Yrd Mat Mat Min Mat Peak Influence 327 | 30 213 203 136 327 Initial 66 | . 16 . 66 41 Average 83 | 11 64 75 103 198 Maximum Alert Level 1 | . 1 1 . 1 Low Security (%) 90 | 100 95 97 100 36 Level 1 9 | . 4 2 . 63 Level 2 . | . . . . . Level 3 . | . . . . . Level 4 . | . . . . . Level 5 . | . . . . . High Security . | . . . . . Max Security . | . . . . . Squads Dispatched 3 | . 1 1 . 1 Investigation 2 | . 1 1 . . Extermination . | . . . . . Reinforcement 1 | . . . . 1 Assault . | . . . . . Garrison . | . . . . . Intercept . | . . . . . Searches Triggered . | . . . . . Construction Impeded . | . . . . . Haulers Reinforced . | . . . . . Active Scanning Responses . | . . . . . Cargo Convoy Interrupts . | . . . . . Stealth | -11 -10 -9 -9 -8 --------- Run | Yrd Mat Mat Min Mat Distress Signals 4 | . 2 1 . 1 Communications Jammed . | . . . . . Distress Signals . | . . . . . Times Spotted 46 | . 10 12 5 19 Peak Tracking Total 6 | . 3 4 2 6 Tactical Retreats 7 | . 1 2 1 3 Traps | -11 -10 -9 -9 -8 ------- Run | Yrd Mat Mat Min Mat Traps Triggered 3 | . 1 2 . . Indirectly . | . . . . . Trap Hack Attempts . | . . . . . Triggered . | . . . . . Disarmed 1 | . 1 . . . Reprogrammed . | . . . . . Reused . | . . . . . Traps Extracted . | . . . . . Installed . | . . . . . Triggered 2 | . 2 . . . Machines | -11 -10 -9 -9 -8 ---------- Run | Yrd Mat Mat Min Mat Machines Disabled 2 | . 2 . . . Max in Single Turn 1 | . 1 . . . Machines Repaired . | . . . . . Machines Dismantled . | . . . . . Machines Sabotaged . | . . . . . Overloaded Fab Kills . | . . . . . Hacking | -11 -10 -9 -9 -8 --------- Run | Yrd Mat Mat Min Mat Machines Accessed 10 | . 6 4 . . Terminals 8 | . 5 3 . . Fabricators . | . . . . . Repair Stations 1 | . 1 . . . Recycling Units . | . . . . . Scanalyzers 1 | . . 1 . . Garrison Access . | . . . . . Total Hacks 36 | . 24 12 . . Successful 22 | . 13 9 . . Failed 14 | . 11 3 . . Catastrophic 1 | . 1 . . . Database Lockouts . | . . . . . Manual . | . . . . . Terminals 28 | . 21 7 . . Fabricators . | . . . . . Repair Stations 3 | . 3 . . . Recycling Units . | . . . . . Scanalyzers 5 | . . 5 . . Garrison Access . | . . . . . Terminal Hacks 15 | . 11 4 . . Record 1 | . . 1 . . Robot Analysis 1 | . 1 . . . Scanalyzer Index 1 | . 1 . . . Unreport Threat 1 | . 1 . . . Locate Traps 2 | . 2 . . . Disarm Traps 1 | . 1 . . . Dispatch Records 1 | . 1 . . . Maintenance Status 2 | . 1 1 . . Transport Status 1 | . . 1 . . Registered Components 1 | . 1 . . . Registered Prototypes 1 | . 1 . . . Zone Layout 2 | . 1 1 . . Fabricator Hacks . | . . . . . Repair Station Hacks 2 | . 2 . . . Scan Component 1 | . 1 . . . Repair 1 | . 1 . . . Recycling Unit Hacks . | . . . . . Scanalyzer 5 | . . 5 . . Insert Component 2 | . . 2 . . Analyze 3 | . . 3 . . Garrison Access Hacks . | . . . . . Unauthorized Hacks . | . . . . . Terminals . | . . . . . Fabricators . | . . . . . Repair Stations . | . . . . . Recycling Units . | . . . . . Scanalyzers . | . . . . . Garrison Access . | . . . . . Data Cores Recovered . | . . . . . Used . | . . . . . Hacking Detections 8 | . 5 3 . . Full Trace Events 5 | . 3 2 . . Feedback Events . | . . . . . Feedback Blocked . | . . . . . Robot Schematics Acquired . | . . . . . Robots Built . | . . . . . Authchips . | . . . . . Time . | . . . . . Total Robot Build Rating . | . . . . . Part Schematics Acquired 2 | . . 2 . . Parts Built . | . . . . . Authchips . | . . . . . Time . | . . . . . Total Part Build Rating . | . . . . . Parts Repaired 1 | . 1 . . . Time 26 | . 26 . . . Parts Recycled . | . . . . . Recycled Matter . | . . . . . Retrieved Matter . | . . . . . Retrieved Components . | . . . . . Parts Scanalyzed 2 | . . 2 . . Part Schematics Acquired 2 | . . 2 . . Parts Damaged 1 | . . 1 . . Bothacking | -11 -10 -9 -9 -8 ------------ Run | Yrd Mat Mat Min Mat Used RIF Installer . | . . . . . Robots Hacked 2 | . . . . 2 Non-combat . | . . . . . Combat 2 | . . . . 2 Robot Hacks Applied 2 | . . . . 2 parse_system 2 | . . . . 2 Relay Couplers Released . | . . . . . Fabnet Peak Effective % . | . . . . . Robots Rewired . | . . . . . Allies Hacked . | . . . . . Hacks Repelled . | . . . . . Allies | -11 -10 -9 -9 -8 -------- Run | Yrd Mat Mat Min Mat Total Allies . | . . . . . Largest Group . | . . . . . Highest-Rated Group . | . . . . . Highest-Rated Ally . | . . . . . Total Orders . | . . . . . Ally Attacks . | . . . . . Total Damage . | . . . . . Kills . | . . . . . Allies Corrupted . | . . . . . Allies Melted . | . . . . . Intel | -11 -10 -9 -9 -8 ------- Run | Yrd Mat Mat Min Mat Robot Analysis Total 1 | . 1 . . . Derelict Logs Recovered 1 | . . . 1 . Drone Launches . | . . . . . Drone Recoveries . | . . . . . Exploration | -11 -10 -9 -9 -8 ------------- Run | Yrd Mat Mat Min Mat Turns Passed 2202 | 117 934 595 340 216 Spaces Moved 1593 | 56 672 441 276 148 Core 12 | 12 . . . . Treads . | . . . . . Legs 815 | 44 672 99 . . Wheels . | . . . . . Hover . | . . . . . Flight 766 | . . 342 276 148 Fastest Speed 31 | 50 120 107 107 31 Average Speed 108 | 105 120 109 107 58 Slowest Speed 250 | 120 120 120 187 250 Overloaded Moves . | . . . . . Propulsion Burnouts . | . . . . . Robots Hopped . | . . . . . Cave-ins Triggered . | . . . . . Exploration Rate (%) 40 | 3 87 37 61 12 Regions Visited 4 Branch Regions 1 Pre-discovered Areas . | . . . . . Known Exits Taken . | . . . . . Unknown Exits Taken 4 | 1 1 1 1 . Scrap Searched 2 | . . . 2 . Spaces Dug . | . . . . . Terrain Destroyed 29 | 7 19 3 . . Melee . | . . . . . Projectile . | . . . . . AOE 29 | 7 19 3 . . Terrain Rammed . | . . . . . Walls Destroyed . | . . . . . Machines Disabled . | . . . . . Actions | -11 -10 -9 -9 -8 --------- Run | Yrd Mat Mat Min Mat Total 1912 | 85 754 517 302 254 Wait 129 | . 51 3 13 62 Move 1589 | 55 671 440 275 148 Hop . | . . . . . Pick Up 43 | 8 7 18 3 7 Fast Attach . | . . . . . Attach 21 | 7 1 6 1 6 Detach 1 | . . 1 . . Swap 19 | 1 2 11 . 5 Drop 24 | . . 18 1 5 Fire 83 | 14 22 19 9 19 Melee 2 | . . . . 2 Ram . | . . . . . Kick 1 | . . 1 . . Crush . | . . . . . Escape Stasis . | . . . . . Rewire . | . . . . . Trap . | . . . . . Miscellaneous . | . . . . . Route ------- -11/Scrapyard -10/Materials (discovered 3 exits: *Mat x2 / [*Min]) -9/Materials (discovered 3 exits: [*Mat] / [*Min] / [*Sto]) -9/Mines -8/Materials History --------- Turn | Location | Event 8 | -11/Scrapyard | Discovered new exit (range 16) 118 | -11/Scrapyard | Entered Materials 262 | -10/Materials | Repaired EM Pulse Gun 303 | -10/Materials | Build established: Mutant 488 | -10/Materials | Discovered new exit (range 8) 576 | -10/Materials | Discovered new exit (range 15) 744 | -10/Materials | Discovered new exit (range 5) 1052 | -10/Materials | Entered another Materials area 1052 | -9/Materials | Evolved 2 slots: Propulsion x1, Utility x1 1535 | -9/Materials | Discovered new exit (range 10) 1545 | -9/Materials | Discovered new exit (range 16) 1557 | -9/Materials | Discovered new exit (range 16) 1647 | -9/Materials | Entered Mines 1722 | -9/Mines | Met a Derelict bent on vengeance 1832 | -9/Mines | Learned Materials terminal intel 1983 | -9/Mines | Discovered new exit (range 3) 1987 | -9/Mines | Entered Materials 1987 | -8/Materials | Evolved 2 slots: Propulsion x1, Utility x1 1988 | -8/Materials | Loaded intel: 12 terminal locations 2203 | -8/Materials | Self-destructed Last Messages --------------- >>parse_system Reading system data... 02100_ K-01 Serf collects debris. 02107_ K-01 Serf cleans the Processing Tank. 02115_ K-01 Serf collects debris. 02137_ Acquired Flight Unit. 02139_ Dropped Flight Unit. 02140_ K-01 Serf cleans the Integration Channel. 02144_ K-01 Serf collects debris. 02160_ K-01 Serf cleans the Integration Channel. 02175_ K-01 Serf cleans the Integration Channel. 02186_ K-01 Serf cleans the Integration Channel. 02191_ Jacked G-47 Trooper... >>parse_system Reading system data... 02197_ Imp. Datajack destroyed. 02199_ Integration Channel disabled. 02201_ Terrain Scanner destroyed. Map ----- +----------------------------------------------------+ | ?????????????????????????????????????????????????? | | ?????????????????????????????????????????????????? | | ?????????????????????????????????????????????????? | | ????????????????"""??????????????????????????????? | | ????????????????"T"??????????????????????????????? | | ?????????????????????????????????????????????????? | | ?????????????????????????????????????????????????? | | ??????????????????????????? ??? ????????????????? | | ????????????????????#???#??##????#???????????????? | | ?????????????????????? #?? ? ? ???????????????? | | ????????????????????? ???""" ?"? ???????????????? | | ?????????????????#?## ?? ?"? ""? +?? ???????????? | | ??????????????????#??? ??""" ????? ??#??????????? | | ????????????????#???? # ??? ? #? ????????????? | | ????????????????#?#?? ? ?##??#?#??# ? #?#????????? | | ????????????????#??### #???#?#####?#?####????????? | | ??????? ??????##?#####?##?##?#?? ?? ? ?#???????? | | ??????? ?????????###?????#####????? ?? ? ????????? | | ???????+???????##?###??######?## ?? ? ? #???????? | | ??????? ??????#?#?#??# ######### ? ? ????????? | | ??????? ??????#??#?#?? ## ##? ? ?? #???????? | | ???#??? ???#?###?###?? ## g" #? ?? ????????? | | # #???? #???#???####?# ## "" ## ? #?#?????? | | #?????# #?? ?? ?###### ## "" ## ? ?? ##??#?#?? | | ??? ??# #? ?? ?####?# ## """ ####?#?####???#????? | | ? ??## # ??? #######/##@ " ##############?????? | | ???? ? /? ?????#!=] ##g""" # """ ######?##???? | | ? ????# #??? ##!=] ## """ # """ #####??#????? | | ?? ?#?# #?? ? ??#==] |## """ # """ ##?##?##????? | | #####?# #???????# ## g" # * #???#?###???# | | ####### #???##### ##= *# *[ #####?????#?? | | ### ####??### ## *# [[ % ####?#?#????? | | """ # ##########+######+######+############?#? | | """ # ^ [%= [ #???? | | """ + T * ##??? | | """ # [ #??#? | | """ # ###############+####################???? | | ############?#?## ####??#####?#??#???? | | !#??###??##??##### ""#?####?####???#??? | | ######?#####???##??## ] ! ""#?###??##?#??###?? | | ##??#?##??###??????## T"###?####?####?#??? | | ##????#??#?##?#????## """ """ ""####?###?###?????? | | ?#?##?##??##?##?##??# """ """ ""##?####?###??????? | | ??#?#?##???#?#??##?## """ """ #####?##?##??#???#?? | | ####??#?????????????# ##??###?#??#?#?????? | | ???##???????#?????#?###########???######?#???????? | | #?#?????#?#?#???#??#??#?????#?###?#?#####???#????? | | ?????#?????#??????#??#?##??###????#?##??#????????? | | | | | +----------------------------------------------------+ Best States ------------- Heat Dissipation 53 Energy Generation 14 Energy Capacity 450 Matter Stores 300 Matter Capacity 300 Sight Range 16 Terrain Scan Range 14 Terrain Scan Density 160 Resistance: KI 20 Resistance: TH 20 Resistance: EX 20 Resistance: EM 20 Resistance: I 20 Resistance: S 20 Resistance: P 20 Evasion (%) 63 Offensive Hacking 10 Item Schematics ----------------- Imp. Targeting Computer | -9/Materials | Scanalyzed Hvy. Ion Engine | -9/Materials | Scanalyzed Robot Schematics ------------------ None Fabricated ------------ Nothing Alien Tech Used ----------------- None Achievements -------------- None Challenges ------------ None Game ------ Seed IntegrityAluminumExtractor Manual? 0 Play Time 00:26:54 Cumulative 7.6 hours Start 2024.03.14 @ 21:47:33 End 2024.03.14 @ 22:13:35 Sessions 1 Manual Loads 0 Difficulty Adventurer Special Mode None Game No. 11 Rogue 0 Adventurer 11 Explorer 0 Win Type - Total 0 Types 0/0/0/0/0/0/0/0/0 Lore% 10 Gallery% 12 Achievement% 11 Wizard Run 0 Options --------- Layout 1 ASCII 0 Keyboard 0 Movement Mouse Keybinds 0 Fullscreen 2 Font 24/Smallcaps Map View 50x35 Zoom Use 0% Tactical HUD 1 Map Filters NONE Filters NONE Steam 1 RUN: 42791e63-c9cc-4fb7-9242-46eeb3d7593f